 Dungeon Crawl Stone Soup version 0.24-a0-535-gbb0d440638 (webtiles) character file.

Game seed: 13755226308820969318

63 Dumdum the Conjurer (level 3, -1/19 HPs)
             Began as a Deep Elf Conjurer on Aug 9, 2019.
             Slain by Sigmund
             ... wielding a +0 scythe
              (2 damage)
             ... on level 2 of the Dungeon on Aug 10, 2019.
             The game lasted 00:05:03 (1728 turns).

Dumdum the Conjurer (Deep Elf Conjurer)             Turns: 1728, Time: 00:05:03

Health: -1/19      AC:  2    Str:  5    XL:     3   Next: 89%
Magic:  5/9        EV: 13    Int: 20    God:
Gold:   123        SH:  0    Dex: 15    Spells: 5/8 levels left

rFire    . . .     SeeInvis .   (no weapon)
rCold    . . .     Gourm    .   (no shield)
rNeg     . . .     Faith    .   a - +0 robe
rPois    .         Spirit   .   (no helmet)
rElec    .         Reflect  .   (no cloak)
rCorr    .         Harm     .   (no gloves)
MR       .....                  (no boots)
Stlth    ++........             (no amulet)
HPRegen  0.06/turn              (no ring)
MPRegen  0.11/turn              (no ring)

@: no status effects
A: no striking features
a: no special abilities


You were on level 2 of the Dungeon.
You were not hungry.

You visited 1 branch of the dungeon, and saw 2 of its levels.

You collected 123 gold pieces.

Inventory:

Armour
 a - a +0 robe (worn)
Scrolls
 j - a scroll of noise {unknown}
 l - a scroll of random uselessness {unknown}
Potions
 b - 2 potions of magic {unknown}
 d - a potion of ambrosia {unknown}
 e - a potion of agility {unknown}
 f - a potion of lignification {unknown}
 g - a potion of haste {unknown}
 h - a potion of resistance {unknown}
 i - 2 potions of might {unknown}
Comestibles
 c - 4 rations
 k - a chunk of flesh


   Skills:
 + Level 3.1 Dodging
 + Level 2.7 Stealth
 + Level 3.3 Spellcasting
 + Level 5.5 Conjurations


You had 5 spell levels left.
You knew the following spells:

 Your Spells              Type           Power        Failure   Level  Hunger
a - Magic Dart            Conj           ####         1%          1    None
b - Searing Ray           Conj           ####..       2%          2    ##.....

Your spell library contained the following spells:

 Spells                   Type           Power        Failure   Level  Hunger
 Dazzling Spray           Conj/Hex       ##....       13%         3    ###....
 Iskenderun's Mystic Bla  Conj           ####....     14%         4    ####...
 Force Lance              Conj/Tloc      ##......     41%         4    ####...
 Fulminant Prism          Conj/Hex       ##........   41%         4    ####...


Dungeon Overview and Level Annotations

Branches:
Dungeon (2/15)

Altars:
Gozag

Annotations:
D:2 Sigmund


Message History

Casting: Searing Ray (safe; 2% risk of failure)
Confirm with . or Enter, or press ? or * to list all spells.
Aiming: Searing Ray (safe; 2% risk of failure)
Press: ? - help, Shift-Dir - straight line, f - Sigmund
Aim: Sigmund, wielding a +0 scythe and wearing a +0 robe (resting)
The searing ray hits Sigmund.
Sigmund is lightly wounded.
Sigmund shouts! (Press . to maintain the ray.)
You hear a shout!
Sigmund gestures at you while chanting. The puff of flame hits you!
Ouch! That really hurt!
The searing ray misses Sigmund.
Sigmund hits you from afar with a +0 scythe!
* * * LOW HITPOINT WARNING * * *
The searing ray hits Sigmund.
Sigmund is moderately wounded.
Sigmund hits you from afar with a +0 scythe.
You die...

....... .....
######[..
#g......#
####..##
#......########
#.##...........
#.#.##...########
#...@.....#
###.##...## ..@
##.## #### #.#
#.# #.# # #.# #
#.# # ######.## #


You could see Sigmund.

Vanquished Creatures
  2 oozes
  2 worms (D:2)
  3 leopard geckos
  3 bats
  3 giant cockroaches (D:1)
  7 goblins
  5 hobgoblins
  6 frilled lizards
  6 kobolds
  6 rats
43 creatures vanquished.

Notes
Turn   | Place    | Note
-------+----------+-------------------------------------------
     0 | D:1      | Dumdum the Deep Elf Conjurer began the quest for the Orb.
     0 | D:1      | Reached XP level 1. HP: 10/10 MP: 6/6
   125 | D:1      | Reached XP level 2. HP: 11/15 MP: 1/8
   129 | D:1      | Learned a level 2 spell: Searing Ray
   464 | D:1      | Reached skill level 5 in Conjurations
   742 | D:1      | Reached XP level 3. HP: 19/19 MP: 0/9
  1039 | D:2      | Found an opulent altar of Gozag.
  1721 | D:2      | Noticed Sigmund
  1728 | D:2      | Slain by Sigmund

Levels and vault maps discovered:
D:1:      minmay_arrival_doors, layout_basic, minmay_tetromino_i2
D:2:      layout_loops_corners, nicolae_overflow_crystal_walls, first_ration,
          minivault_23, uniq_sigmund

Skill      XL: |  1  2  3 |
---------------+----------+-----
Conjurations   | 5 |  5.5
Dodging        | 3 |  3.1
Stealth        | |  2.7
Spellcasting   | |  3.3

Action                   || total
-------------------------++-------
 Cast: Magic Dart        ||    83
       Searing Ray       ||     4
  Use: Scroll            ||     2
  Eat: Chunk             ||     2
Armor: Robe              ||     8
Dodge: Dodged            ||    35

Table legend:
 A = Non-vault XP
 B = Vault XP
 C = Vault XP percentage of total XP
 D = Non-vault monster count
 E = Vault monster count
 F = Vault count percentage of total count
                 A         B        C        D         E       F
            +---------+---------+-------+---------+---------+-------
      Total |      88 |       3 |   3.3 |      41 |       2 |   4.7
            +---------+---------+-------+---------+---------+-------
        D:1 |      47 |       3 |   6.0 |      24 |       2 |   7.7
        D:2 |      41 |       0 |   0.0 |      17 |       0 |   0.0
            +---------+---------+-------+---------+---------+-------
